woodfighter, chaotic female elven Rogue ------- -------------- |.....| |....*.......| |......# |............| |.....|# |...........%| -|---|-# |............| # # # ----.----.---- ### # ### # # # #### ### # ### # # ############# ### ### -.------- ### | # # --.......| # ....| #% ### |........| ### -------- ### .........| ---.------ # |........|##########%# ##|......|# % --- -- -- |........| ##%.........#######-|-|-#`## |%.....+#@# |........| |........| #|..%[#####%.`....|du |..>....*| ---------- |..<| |......|# ---------- ----- ---.....# woodfighter the Rogue Experience level: 7 Strength: 18 Dexterity: 17 Constitution: 11 Intelligence: 12 Wisdom: 10 Charisma: 10 Health: 0(42) Energy: 36(36) Def: 3 Gold: 71 Moves: 3517 Dungeon seed: cnaI_CXmF2uv06pv Game ID: woodfighter_1511194910 Your Inventory: Coins $ - 71 gold pieces Amulets Q - an uncursed amulet versus poison Weapons a - a +0 elven short sword (weapon in hand) b - 10 +0 elven daggers (in quiver) Armor e - a blessed +1 leather armor (being worn) n - an uncursed +0 orcish helm q - a cursed -1 pair of fumble boots z - an uncursed +0 orcish helm N - an uncursed +0 pair of gauntlets of power Y - an uncursed +0 dwarvish cloak Comestibles r - an uncursed eucalyptus leaf G - an uncursed banana T - an uncursed sprig of wolfsbane Spellbooks w - an uncursed spellbook of cure sickness Wands h - a wand of opening (0:3) v - a wand of enlightenment (0:12) M - a cursed wand of fire (0:6) Tools g - an uncursed blindfold s - an uncursed sack y - an uncursed lock pick S - an uncursed towel Contents of the sack: 373 gold pieces a [uncursed] scroll of confuse monster a [uncursed] scroll of create monster a [uncursed] scroll of destroy armor a [uncursed] scroll of enchant armor a [cursed] scroll of enchant weapon 3 [uncursed] scrolls of identify a [uncursed] scroll of remove curse a [uncursed] scroll of scare monster 3 [uncursed] potions of hallucination a [blessed] potion of invisibility a [blessed] potion of object detection a [uncursed] potion of see invisible an uncursed potion of sickness a [cursed] ring of aggravate monster a [uncursed] ring of poison resistance Spells and supernatural/magical abilities: Name Level Category Fail Memory W - pray for help -- divine ? -- Your skills at the end: Miscellaneous Skills wands [Basic] Weapon Skills dagger [Basic] short sword [Basic] Spellcasting Skills Final Attributes: You were piously aligned. You were sleep resistant. You were telepathic. You had infravision. You were stealthy. You are dead. Vanquished creatures: a large mimic a giant beetle a wolf a winter wolf cub a leprechaun a dust vortex a plains centaur a rock mole 2 ponies 8 elf zombies a puppy a floating eye a kitten a dwarf 4 iguanas a jitterbug 2 giant bats 3 orc zombies a werejackal a gas spore a large kobold 4 geckos a hobgoblin 2 giant rats 4 cave spiders a yellow mold 2 red molds 9 jackals a fox 2 kobolds 6 newts 2 goblins a grid bug 3 bats 5 lichens 78 creatures vanquished. Voluntary challenges: You did not adorn yourself with jewelry or accessories. You did not cause conflict. You were not invisible. You did not have reflection. You were not displaced. You had been an atheist until turn 3428. You used a wielded weapon 116 times, starting on turn 4. You did not apply a unicorn horn. You did not use plumbed fixtures. You did not drink any magical draughts. You were illiterate. You never genocided any monsters. You never polymorphed an object. You never changed form. You used no wishes. You never split a pudding. You never wrote Elbereth's name. You never violated your personal moral code. Dungeon overview: The Dungeons of Doom: levels 1 to 9 Level 1 a long staircase Level 2 a fountain Level 3 stairs to The Gnomish Mines Level 4 Level 5 some fountains Level 6 a general store Level 7 many fountains Level 8 <- You were here Level 9 The Gnomish Mines: Level 4 stairs to The Dungeons of Doom History has recorded: On T:1 you entered the Dungeons of Doom to retrieve the Amulet of Yendor! On T:286 you reached level 2 of The Dungeons of Doom. On T:290 you advanced to experience level 2. On T:568 you reached level 3 of The Dungeons of Doom. On T:793 you reached level 1 of The Gnomish Mines. On T:932 you advanced to experience level 3. On T:986 you reached level 4 of The Dungeons of Doom. On T:1225 you reached level 5 of The Dungeons of Doom. On T:1458 you advanced to experience level 4. On T:1833 you reached level 6 of The Dungeons of Doom. On T:2134 you reached level 7 of The Dungeons of Doom. On T:2218 you advanced to experience level 5. On T:2493 you reached level 8 of The Dungeons of Doom. On T:2943 you advanced to experience level 6. On T:3239 you reached level 9 of The Dungeons of Doom. On T:3428 you prayed to Kos. On T:3481 you advanced to experience level 7. On T:3517 you prayed to Kos. Score breakdown: Gold: 444 ( 44 points) Experience: 7 levels ( 600 points) Exploration: 9 levels ( 240 points) Discoveries: 22 items ( 1100 points) Variety of kills: 35 monsters ( 1750 points) Major goal: (nothing yet) ( 0 points) Survival: died (score multiplied by 3) Total score: 11202 Latest messages: You see here a werejackal corpse. (2x) The winter wolf cub bites! You throw 2 elven daggers. The 1st elven dagger hits the winter wolf cub. The 2nd elven dagger hits the winter wolf cub. The winter wolf cub bites! You stab the winter wolf cub! The winter wolf cub bites! You stab the winter wolf cub! The winter wolf cub bites! You kill the winter wolf cub! You stab the winter wolf cub! The winter wolf cub bites! The pony misses the winter wolf cub. (2x) The elven dagger hits the winter wolf cub! The winter wolf cub bites! The pony misses the winter wolf cub. (2x) The elven dagger hits the winter wolf cub! The winter wolf cub bites! The pony misses the winter wolf cub. (2x) You begin praying to Kos. The winter wolf cub bites! You die... Final status: Goodbye woodfighter the Rogue, killed by a winter wolf cub, while praying... You died in The Dungeons of Doom on dungeon level 8 with 11202 points, and 444 pieces of gold, after 3517 moves. You were level 7 with a maximum of 42 hit points when you died.